Map: Ulrena

Players

Snix - Winner!

  • Race: Protoss Protoss
  • League: Gold

capac

  • Race: Terran Terran
  • League: Gold

VOD

Have the link to the VOD?

Description

Time

  • Played on: Dec. 1, 2015, 2:21 p.m.
  • Length: 15:00
Show
View Real Time Build Order
Export as new Build Order

Snix Protoss - Winner!

Build Orders:  

Get SALT Encoding   

  12  0:01  Probe (Chrono Boost)  
  13  0:11  Probe (Chrono Boost)  
  14  0:17  Pylon  
  14  0:22  Probe (Chrono Boost)  
  15  0:37  Probe (Chrono Boost), Gateway  
  16  0:46  Assimilator  
  16  0:47  Probe (Chrono Boost)  
  17  0:58  Probe (Chrono Boost)  
  17  1:03  Pylon  
  18  1:09  Probe (Chrono Boost)  
  19  1:19  Probe (Chrono Boost)  
  20  1:28  Cybernetics Core  
  20  1:30  Probe (Chrono Boost), Assimilator  
  21  1:41  Pylon  
  21  1:47  Probe (Chrono Boost)  
  22  1:58  Probe (Chrono Boost)  
  23  2:05  Stalker  
  27  2:09  Mothership Core (Chrono Boost)  
  27  2:10  Warp Gate  
  27  2:31  Nexus  
  27  2:36  Probe (Chrono Boost)  
  28  2:46  Probe (Chrono Boost)  
  28  2:48  Stalker  
  31  3:01  Probe (Chrono Boost)  
  32  3:06  Robotics Facility  
  32  3:12  Gateway  
  32  3:21  Pylon  
  32  3:24  Assimilator  
  32  3:27  Assimilator  
  32  3:30  Probe (Chrono Boost)  
  33  3:41  Forge  
  33  3:48  Pylon  
  33  4:10  Probe x2 (Chrono Boost)  
  33  4:13  Observer  
  33  4:17  Protoss Ground Weapons Level 1 (Chrono Boost)  
  36  4:23  Photon Cannon  
  36  4:32  Probe x2 (Chrono Boost), Robotics Bay  
  38  4:40  Gateway x2  
  38  4:46  Twilight Council  
  38  4:57  Probe x2 (Chrono Boost)  
  38  4:58  Photon Cannon  
  40  5:09  Probe x2 (Chrono Boost)  
  42  5:22  Disruptor  
  42  5:27  Probe  
  45  5:29  Probe  
  47  5:36  Photon Cannon  
  47  5:38  Probe  
  47  5:41  Probe  
  49  5:47  Gateway x2  
  49  5:49  Probe  
  49  5:53  Probe  
  49  5:54  Stalker  
  49  5:55  Stalker, Pylon  
  55  6:00  Probe, Stalker  
  58  6:23  Stalker x2  
  58  6:24  Stalker x2  
  63  6:28  Protoss Ground Armor Level 1 (Chrono Boost)  
  63  6:30  Probe  
  63  6:31  Probe  
  63  6:32  Disruptor (Chrono Boost)  
  68  6:38  Extended Thermal Lance  
  67  6:49  Zealot x3  
  67  6:51  Zealot  
  75  6:57  Probe x2  
  77  7:03  Blink  
  77  7:06  Observer (Chrono Boost)  
  77  7:08  Pylon  
  78  7:22  Pylon  
  78  7:23  Pylon  
  78  7:26  Probe x2, Disruptor (Chrono Boost)  
  83  7:38  Probe x2  
  85  7:45  Stalker x4  
  85  7:46  Stalker x2  
  97  7:51  Probe  
  97  7:52  Probe  
  99  8:03  Probe  
  100  8:05  Pylon  
  100  8:06  Pylon  
  98  8:37  Colossus (Chrono Boost)  
  98  8:38  Nexus  
  104  8:42  Assimilator  
  104  8:43  Assimilator  
  104  8:48  Gateway  
  104  8:50  Forge, Gateway  
  104  8:51  Dark Shrine  
  104  8:52  Pylon  
  86  9:27  Colossus (Chrono Boost)  
  86  9:36  Stalker x5  
  86  9:37  Stalker  
  98  9:40  Protoss Ground Weapons Level 2 (Chrono Boost)  
  98  9:42  Protoss Ground Armor Level 2 (Chrono Boost)  
  88  10:18  Colossus (Chrono Boost)  
  94  10:23  Nexus  
  94  10:24  Probe, Pylon, Robotics Facility  
  94  10:25  Probe, Gateway  
  94  10:27  Probe, Pylon  
  96  10:30  Assimilator  
  96  10:34  Assimilator  
  97  10:36  Probe  
  98  10:47  Zealot  
  100  10:58  Colossus  
  102  11:04  Charge, Mothership Core  
  102  11:10  Colossus  
  114  11:15  Zealot x4  
  114  11:17  Sentry  
  124  11:21  Probe x2  
  126  11:26  Probe  
  127  11:33  Probe  
  127  11:39  Dark Templar x4  
  136  11:50  Zealot  
  136  11:51  Zealot x3  
  135  12:16  Stalker x2  
  135  12:17  Stalker x4  
  135  12:18  Stalker x3  
  135  12:20  Observer, Protoss Ground Armor Level 3 (Chrono Boost)  
  153  12:23  Observer  
  153  12:24  Probe  
  156  12:41  Probe x2  
  158  12:48  Colossus (Chrono Boost)  
  164  12:53  Colossus (Chrono Boost)  
  170  12:58  Pylon  
  170  13:01  Pylon  
  170  13:03  Pylon  
  170  13:10  Photon Cannon  
  170  13:13  Photon Cannon  
  170  13:20  Zealot x3  
  170  13:21  Zealot  
  178  13:38  Pylon  
  175  14:01  Dark Templar x5  
  175  14:02  Dark Templar x3  
  175  14:51  Stalker  
  175  14:52  Stalker x4  
  173  14:55  Nexus  
Show
View Real Time Build Order
Export as new Build Order

capac Terran 

Build Orders:  

Get SALT Encoding   

  12  0:02  SCV  
  13  0:14  SCV  
  13  0:18  Supply Depot  
  14  0:26  SCV  
  15  0:39  SCV  
  16  0:43  Barracks  
  16  0:45  Refinery  
  16  0:51  SCV  
  17  1:15  SCV  
  18  1:35  Command Center  
  18  1:43  Supply Depot, Barracks Reactor  
  18  1:58  Orbital Command  
  18  2:16  Factory  
  18  2:20  Refinery  
  18  2:22  Marine x2  
  19  2:40  Marine x2, SCV  
  22  2:58  Bunker  
  22  3:00  Marine x2  
  22  3:03  Factory Tech Lab  
  24  3:06  SCV  
  24  3:12  Starport  
  25  3:18  SCV  
  26  3:20  Marine  
  26  3:23  Marine  
  28  3:32  Siege Tank  
  31  3:39  SCV  
  32  3:46  Orbital Command  
  31  4:00  Liberator  
  31  4:01  Marine x2  
  32  4:13  SCV x2  
  34  4:19  Marine x2  
  39  4:36  SCV x2  
  41  4:41  Marine x2  
  41  4:43  Siege Tank  
  46  5:01  SCV  
  46  5:14  Supply Depot, Barracks  
  46  5:27  Marine x2, Medivac  
  46  5:28  SCV x2  
  52  5:36  Siege Tank  
  52  5:39  Supply Depot  
  52  5:40  SCV x2  
  57  5:45  Engineering Bay  
  57  5:46  Engineering Bay  
  57  5:49  Barracks  
  57  5:51  Barracks  
  57  5:58  Starport Reactor  
  52  6:26  Marine x2  
  52  6:29  Barracks Tech Lab  
  54  6:33  Terran Infantry Weapons Level 1, Terran Infantry Armor Level 1  
  54  6:35  Supply Depot  
  54  6:36  Medivac  
  56  6:44  Barracks Reactor  
  56  6:46  Barracks Reactor  
  56  6:47  SCV x2  
  58  6:55  Refinery x2  
  58  6:59  Supply Depot, SCV x2  
  60  7:01  Supply Depot  
  60  7:08  Medivac  
  62  7:13  Marauder  
  64  7:16  SCV x2  
  64  7:17  Marine x2  
  68  7:25  Marine  
  68  7:26  Marine x3  
  68  7:28  SCV  
  73  7:34  Marine  
  71  7:47  Marine  
  71  7:48  Marine x4  
  71  7:49  Marine  
  71  7:50  Medivac x2  
  81  7:52  Marauder  
  81  7:53  Supply Depot  
  81  7:55  Supply Depot  
  81  7:56  SCV x2  
  81  7:58  Siege Tank  
  78  8:37  Medivac x2  
  78  8:39  Marine x4  
  78  8:40  Marine x2  
  90  8:41  Marauder  
  90  8:43  SCV, Stimpack  
  90  8:44  SCV  
  92  8:52  Command Center  
  92  8:55  Supply Depot  
  92  8:58  Marine x2  
  92  8:59  Marine x2  
  92  9:00  Marine  
  92  9:01  Armory  
  72  9:36  Marine  
  72  9:37  Marine x4  
  72  9:38  Marauder, Siege Tank  
  65  9:56  Marine x2  
  65  9:57  Marine x3  
  65  9:58  Marine  
  65  9:59  Marine  
  72  10:10  Bunker, Siege Tank  
  73  10:14  Marine  
  73  10:21  Orbital Command  
  74  10:22  Bunker  
  74  10:27  Viking  
  76  10:32  Viking  
  78  10:42  Siege Tank  
  81  10:58  SCV x2  
  83  11:10  SCV  
  84  11:11  Orbital Command  
  84  11:16  Missile Turret  
  84  11:20  Marine x5  
  84  11:21  Marauder, Marine  
  84  11:22  Viking x2  
  96  11:27  Supply Depot  
  96  11:34  Starport  
  96  11:38  Marine x5  
  101  11:41  SCV x3  
  101  11:43  Marauder  
  106  11:55  Viking  
  106  11:57  Starport  
  108  12:01  Refinery  
  108  12:02  Marine x2  
  108  12:04  Refinery  
  103  12:20  Missile Turret  
  103  12:26  Marine x4  
  103  12:27  Marine x2  
  103  12:28  Marauder  
  103  12:29  Siege Tank  
  114  12:31  SCV x2  
  114  12:32  SCV  
  117  12:39  Terran Vehicle Weapons Level 1  
  117  12:42  Terran Infantry Weapons Level 2  
  117  12:43  Supply Depot  
  117  12:45  Marine x2  
  119  13:07  Marine x5  
  119  13:08  Marauder, Marine  
  127  13:25  Marine x3  
  130  13:30  Marauder, Marine x2  
  130  13:31  Marine  
  130  13:32  SCV  
  136  13:40  SCV x2  
  138  13:42  Marine  
  138  13:44  SCV  
  130  14:00  Siege Tank  
  129  14:24  Marine x5  
  104  14:25  Viking  
  104  14:26  Viking x3  
Tags
 
League
GoldGold
Matchup
PvT
Add a new tag
Caveats
  • Supply blocks, unpowered buildings, or Contaminate may cause inaccurate times.
  • Supply counts are checked every 10 seconds.